Map: Cyber Forest LE

Players

StarFighter

  • Race: Protoss Protoss
  • League: Diamond
  • Spawn Location: 11:00

Sketchaphone - Winner!

  • Race: Zerg Zerg
  • League: Platinum
  • Spawn Location: 5:00

VOD

Have the link to the VOD?

Description

Time

  • Played on: Feb. 9, 2019, 1:58 p.m.
  • Length: 4:14
Show
View Real Time Build Order
Export as new Build Order

StarFighter Protoss 

Build Orders: Oracle Opening 

Get SALT Encoding   

  12  0:01  Probe  
  13  0:13  Probe  
  14  0:21  Pylon  
  14  0:25  Probe  
  15  0:41  Probe, Gateway  
  15  0:48  Assimilator  
  15  0:49  Probe  
  17  0:59  Probe  
  18  1:12  Probe  
  18  1:17  Pylon  
  19  1:19  Assimilator  
  19  1:24  Probe  
  20  1:42  Cybernetics Core  
  20  1:45  Probe  
  21  2:00  Nexus  
  21  2:16  Probe  
  22  2:25  Stargate  
  22  2:39  Probe  
  23  2:52  Probe  
  26  3:09  Pylon  
  26  3:15  Pylon  
  26  3:17  Adept  
  25  3:25  Pylon  
  25  3:27  Pylon  
  25  3:30  Oracle  
  25  3:32  Probe x2  
  30  3:49  Probe  
  30  3:50  Probe  
Show
View Real Time Build Order
Export as new Build Order

Sketchaphone Zerg - Winner!

Build Orders: Hatch First 

Get SALT Encoding   

  12  0:01  Drone  
  13  0:12  Overlord  
  13  0:17  Drone  
  14  0:23  Drone, Extractor  
  15  0:30  Drone  
  15  0:34  Drone  
  17  0:57  Hatchery  
  17  0:58  Drone  
  17  1:16  Spawning Pool  
  17  1:18  Drone, Extractor  
  17  1:22  Drone  
  17  1:35  Drone  
  17  1:37  Drone  
  19  1:54  Hatchery  
  18  2:04  Zergling x4  
  18  2:05  Zergling x2  
  21  2:09  Overlord  
  21  2:23  Drone  
  21  2:25  Drone  
  21  2:26  Queen  
  25  2:40  Metabolic Boost  
  25  2:45  Queen  
  28  2:52  Hatchery  
  27  2:59  Drone x3  
  30  3:15  Drone  
  30  3:17  Drone x2  
  30  3:18  Drone  
  34  3:25  Drone  
  34  3:26  Drone  
  36  3:27  Evolution Chamber  
Tags
 
Add a new tag
Caveats
  • Supply blocks, unpowered buildings, or Contaminate may cause inaccurate times.
  • Supply counts are checked every 10 seconds.